 Dungeon Crawl Stone Soup version 0.31.0-32-g396128a36d (webtiles) character file.

Game seed: 7008734475111289940

87 tizbic2 the Grasshopper (level 4, -1/42 HPs)
             Began as a Troll Warper on Mar 25, 2024.
             Was an Initiate of Gozag.
             Slain by a gnoll
             ... wielding a +0 whip
              (7 damage)
             ... on level 3 of the Dungeon.
             The game lasted 00:05:23 (1693 turns).

tizbic2 the Grasshopper (Troll Warper)              Turns: 1693, Time: 00:05:23

Health: -1/42      AC:  4    Str: 21    XL:     4   Next: 28%
Magic:  5/5        EV: 10    Int:  9    God:    Gozag
Gold:   459        SH:  0    Dex:  9    Spells: 6/6 levels left

rFire   . . .        l - +0 war axe
rCold   . . .        (no shield)
rNeg    + . .        b - +0 robe
rPois   .            (helmet restricted)
rElec   .            (no cloak)
rCorr   .            (gloves unavailable)
SInv    .            (boots unavailable)
Will    +....        (no amulet)
Stlth   +            g - ring of positive energy
HPRegen 1.07/turn    k - ring of willpower
MPRegen 0.09/turn

%: no passive effects
@: no status effects
A: large, unfitting armour, claws 3, regeneration 1, shaggy fur 1, tough skin 1
a: Renounce Religion, Potion Petition, Call Merchant, Bribe Branch


You were on level 3 of the Dungeon.
You worshipped Gozag.
Gozag was aware of your devotion.
You visited 1 branch of the dungeon, and saw 3 of its levels.

You collected 459 gold pieces.

Inventory:

Hand Weapons
 f - a +0 dagger of venom
 l - a +0 war axe (weapon)
Missiles
 d - 7 darts of dispersal (quivered)
 o - 5 poisoned darts
Armour
 b - a +0 robe (worn)
Jewellery
 g - a ring of positive energy (left claw)
 i - a +6 ring of dexterity
 k - a ring of willpower (right claw)
Scrolls
 c - a scroll of blinking
 n - a scroll of noise {unknown}
 p - a scroll of amnesia {unknown}
 q - a scroll of torment {unknown}
 r - a scroll of teleportation
Potions
 a - 2 potions of curing
 e - a potion of enlightenment {unknown}
 j - a potion of heal wounds {unknown}
 m - a potion of invisibility {unknown}


   Skills:
 + Level 2.1 Fighting
 + Level 2.3 Maces & Flails
 + Level 1.3 Throwing
 + Level 2.2 Dodging
 + Level 1.5 Spellcasting
 * Level 2.7 Translocations


You had 6 spell levels left.
You didn't know any spells.
Your spell library contained the following spells:

 Spells                   Type           Power      Damage    Failure   Level
 Blink                    Tloc           10%        N/A       17%         2
 Lesser Beckoning         Tloc           10%        N/A       17%         2
 Teleport Other           Tloc           5%         N/A       34%         3
 Dazzling Flash           Conj/Hex       0%         N/A       71%         3
 Mephitic Cloud           Conj/Alch/Air  0%         N/A       71%         3
 Manifold Assault         Tloc           5%         N/A       75%         4
 Vhi's Electric Charge    Tloc/Air       6%         N/A       89%         4
 Curse of Agony           Necr           0%         N/A       100%        5
 Silence                  Hex/Air        0%         N/A       100%        5


Dungeon Overview and Level Annotations

Branches:
Dungeon (3/15)

Altars:
Gozag


Innate Abilities, Weirdness & Mutations

You are too large for most types of armour.
You have claws for hands.
Your natural rate of healing is unusually fast.
You are covered in fur. (AC +1)
You have tough skin. (AC +1)


Message History

You hit the endoplasm.
You kill the endoplasm!
You hit the goblin.
You kill the goblin!
No target in view!
You now have 440 gold pieces (gained 6).
You see here a +0 dagger.
You now have 445 gold pieces (gained 5).
HP restored.
There is a stone staircase leading up here.
You open the door.
There is an open door here.
You now have 451 gold pieces (gained 6).
A gnoll comes into view. It is wielding a +0 halberd.
The gnoll moves out of view.
You now have 459 gold pieces (gained 8).
A gnoll comes into view. It is wielding a +0 whip.
A gnoll comes into view. It is wielding a +0 halberd.
The gnoll shouts!
The gnoll barely misses you.
The gnoll shouts!
The gnoll hits you with a +0 halberd. The gnoll barely misses you.
You hit the gnoll.
The gnoll is moderately wounded.
You hit the gnoll.
The gnoll hits you with a +0 halberd! x2
You hit the gnoll.
The gnoll is moderately wounded.
You barely miss the gnoll. x2; The gnoll hits you with a +0 halberd!
The gnoll hits you with a +0 halberd.
* * * LOW HITPOINT WARNING * * *
The gnoll barely misses you. The gnoll hits you with a +0 halberd.
* * * LOW HITPOINT WARNING * * *
The gnoll barely misses you. The gnoll hits you with a +0 whip.
* * * LOW HITPOINT WARNING * * *
You hit the gnoll.
The gnoll is severely wounded.
You slash the gnoll! You barely miss the gnoll.
The gnoll completely misses you. The gnoll hits you with a +0 whip!
You die...
Your body crumbles into a pile of gold.

##.....#########...####
#.#...#................
##.....##########.#####
##.#.## #.# ##.## ##'##
#.# ##...## #.####
##...).## ##.##.##
##.......##
#...@g.####.........#
......###gg....'<........+
.###.# ##..####.........#
#. #.## ##.......## # #.#
##.....## ... ##...## .##.
##+## #. .# # #.# ## #
#.###.####.


You could see 3 gnolls.

Vanquished Creatures
  An adder (D:2)
  3 dart slugs
  8 orcs (D:3)
  5 ball pythons
  A bat (D:2)
  6 endoplasms
  2 giant cockroaches
  6 goblins
  6 hobgoblins
  4 kobolds
  A quokka (D:2)
  4 frilled lizards (D:1)
  12 rats
59 creatures vanquished.

Notes
Turn   | Place    | Note
-------+----------+-------------------------------------------
     0 | D:1      | tizbic2 the Troll Warper began the quest for the Orb.
     0 | D:1      | Reached XP level 1. HP: 19/19 MP: 1/1
   117 | D:1      | Reached XP level 2. HP: 28/28 MP: 2/2
   325 | D:1      | Reached skill level 1 in Throwing
   345 | D:1      | Found a faded altar of an unknown god.
   392 | D:1      | Prayed at the altar of an unknown god.
   392 | D:1      | Became a worshipper of Gozag Ym Sagoz the Greedy
   785 | D:1      | Reached XP level 3. HP: 35/35 MP: 4/4
  1519 | D:3      | Reached XP level 4. HP: 41/42 MP: 5/5
  1693 | D:3      | Slain by a gnoll

Illustrated notes

Levels and vault maps discovered:
D:1:      eino_arrival_cavern_b, layout_loops_ring,
          nicolae_ecumenical_lake_church, amethyst_killhole, minivault_5,
          minmay_misc_feat_four_crosses
D:2:      layout_basic
D:3:      layout_loops_corners, uniq_crazy_yiuf_cottage

Skill      XL: |  1  2  3 |
---------------+----------+-----
Dodging        | 2 |  2.2
Throwing       | 1 |  1.3
Maces & Flails | 2 |  2.3
Fighting       | 2 |  2.1
Spellcasting   | |  1.5
Translocations | |  2.7

Action                     |  1- 3 |  4- 6 || total
---------------------------+-------+-------++-------
  Melee: Mace              |    67 |       ||    67
         War axe           |    52 |    36 ||    88
         Punch             |     1 |       ||     1
    Use: Scroll            |     3 |       ||     3
 Armour: Robe              |   101 |    36 ||   137
  Dodge: Dodged            |    72 |    19 ||    91
